AoeStats
← moredc89

Four Lakes

508551936Analyzed
1v1 RM · 9d ago on Sep 23, 2026· 52m 2s· 2 players
Game mode
Random Map
Map size
Tiny (2 player)
Population
200
Speed
Normal
Resources
Standard
Victory
Conquest
Starting age
Dark Age
Ending age
Imperial Age
RankedLock teamsTeams togetherTeam positionsShared explorationLock speedFull tech treeHidden civsTurbo modeCheats
Victory
Defeat
🇪🇸 Spanish · Spain
383
+7
🇺🇸 Malay · United States
173
-7
ChefDaniel2079
2:39 Loom
15:29 Feudal Age
17:30 Wheelbarrow
16:42 Town Watch
17:19 Double-Bit Axe
24:03 Castle Age
26:29 Hand Cart
33:36 Imperial Age
32:13 Murder Holes
34:17 Chemistry
33:28 Stone Mining
33:30 Gold Mining
34:55 Bow Saw
34:34 Treadmill Crane
36:37 Horse Collar
39:19 Squires
38:41 Pikeman
39:07 Arson
39:49 Conscription
39:55 Forging
39:51 Scale Barding Armor
39:37 Capped Ram
42:04 Stone Shaft Mining
46:20 Ballistics
51:43 Iron Casting
moredc89
14:04 Feudal Age
15:30 Wheelbarrow
21:00 Castle Age
25:15 Hand Cart
24:52 Double-Bit Axe
25:01 Gold Mining
27:19 Padded Archer Armor
38:17 Imperial Age
37:22 Horse Collar
38:03 Bow Saw
39:11 Pikeman
39:14 Elite Skirmisher
39:43 Capped Ram
40:27 Squires
40:12 Arson
40:29 Halberdier
49:43 Scale Mail Armor
49:54 Forging
Connection lost

Rejoining the realm…

Still unreachable

The connection could not be restored.

Session expired

The server has moved on; the page needs a fresh start.